 Dungeon Crawl Stone Soup version 0.21-a0-528-gf531e82 (webtiles) character file.

27045 Gildeon the Cleaver (level 13, -4/113 HPs)
             Began as a Minotaur Fighter on Dec 8, 2017.
             Was a High Priest of Trog.
             Slain by a hog (6 damage)
             ... led by Kirke
             ... on level 5 of the Lair of Beasts.
             The game lasted 01:18:54 (16933 turns).

Gildeon the Cleaver (Minotaur Fighter)             Turns: 16933, Time: 01:18:56

Health: -4/113     AC: 20    Str: 27    XL:     13   Next: 2%
Magic:  15/15      EV: 11    Int:  6    God:    Trog [*****.]
Gold:   832        SH: 12    Dex: 11    Spells: 12/12 levels left

rFire    . . .     SeeInvis .   e - +1 broad axe (venom)
rCold    . . .     Gourm    .   c - +0 shield
rNeg     . . .     Faith    .   q - +1 plate armour
rPois    .         Spirit   .   (helmet restricted)
rElec    .         Reflect  .   g - +0 cloak
rCorr    .         Harm     .   j - +0 pair of gloves
MR       ++...                  k - +0 pair of boots
Stlth    ..........             (no amulet)
HPRegen  0.28/turn              h - ring of protection from magic
MPRegen  0.14/turn              x - ring of protection from magic

@: mighty
A: retaliatory headbutt, horns 2, blink, clumsy 1, mutation resistance 1, sense
surroundings 1
a: Blink, Berserk, Trog's Hand, Brothers in Arms, Burn Spellbooks, Renounce
Religion


You were on level 5 of the Lair of Beasts.
You worshipped Trog.
Trog was extremely pleased with you.
You were not hungry.

You visited 2 branches of the dungeon, and saw 17 of its levels.
You also visited: Ossuary.

You collected 964 gold pieces.
You spent 132 gold pieces at shops.

Inventory:

Hand Weapons
 a - a +3 war axe of holy wrath
 e - a +1 broad axe of venom (weapon)
 K - a +0 flail of crushing
Missiles
 B - 2 javelins of penetration (quivered)
 I - 7 poisoned javelins
Armour
 c - a +0 shield (worn)
 g - a +0 cloak (worn)
 j - a +0 pair of gloves (worn)
 k - a +0 pair of boots (worn)
 q - a +1 plate armour (worn)
Jewellery
 f - an uncursed ring of flight
 h - a ring of protection from magic (left hand)
 x - a ring of protection from magic (right hand)
Wands
 w - a wand of iceblast (4)
 D - a wand of disintegration (1)
 G - a wand of digging (14)
Scrolls
 s - 4 scrolls of fog
 u - 7 scrolls of teleportation
 y - 11 scrolls of remove curse
 A - 2 scrolls of blinking
 H - a scroll of fear
Potions
 b - a potion of cancellation
 d - 2 potions of might
 i - a potion of haste
 n - a potion of resistance
 r - a potion of ambrosia
 t - 4 potions of berserk rage {unknown}
 v - a potion of invisibility {unknown}
Comestibles
 l - 4 chunks of flesh
 E - 3 meat rations
 F - 4 royal jellies


   Skills:
 - Level 10.1 Fighting
 + Level 14.3 Axes
 - Level 5.1 Throwing
 - Level 10.9 Armour
 - Level 10.0 Dodging
 - Level 10.1 Shields
 - Level 5.2 Evocations


You had 12 spell levels left.
You didn't know any spells.

Dungeon Overview and Level Annotations

Branches:
Dungeon (11/15)            Temple (0/1) D:6            Lair (6/6) D:10
  Swamp (0/4) Lair:4       Spider (0/4) Lair:4          Orc (0/2) D:11
  Slime: Lair:5-6

Altars:
Dithmenos
Elyvilon
Fedhas
Gozag
Hepliaklqana
Makhleb
Ru
Trog
Vehumet
Yredelemnul
The Shining One

Shops:
D:5 *   D:6 (   D:10 [

Portals:
Trove: D:10 (give +2 gold dragon scales)

Annotations:
D:6 exclusion: statue
Lair:5 Kirke, Snorg


Innate Abilities, Weirdness & Mutations

You reflexively headbutt those who attack you in melee.
You have a pair of horns on your head.
You can translocate small distances at will.
You are clumsy. (Dex -2)
You are somewhat resistant to further mutation.
You passively map a small area around you.


Message History

Kirke hits you but does no damage.
Your plate armour prevents you from hitting Snorg.
Snorg is heavily wounded.
Your shield and plate armour prevent you from hitting the hog.
You slice Kirke!! You block Snorg's attack. Snorg claws you!
You block Snorg's attack. You block the hog's attack. Snorg bites you!
Snorg claws you. Snorg closely misses you. Kirke hits you but does no damage.
The hog bites you but does no damage.
A wraith comes into view.
You feel much better. The hog bites you! You block Snorg's attack.
Snorg claws you. x2; The hog bites you. Kirke closely misses you.
You furiously retaliate!
You headbutt Kirke!
You feel very mighty all of a sudden. The hog closely misses you.
Snorg bites you but does no damage. You block Snorg's attack. Snorg claws you!
* * * LOW HITPOINT WARNING * * *
The hog barely misses you. Snorg bites you!!
* * * LOW HITPOINT WARNING * * *
Snorg claws you but does no damage. x2; The hog bites you.
You die...

#...#..................
#P.....................
#..P..##.................. *
,...PPP.###.................
*#.#.P#.# #.###.............
, # ######
#.###.............
#...##.... , * * #hh#......
, , *#@Th..... , ,
*#..†@...... , , , *
#P...#...... ............. ,
............... , ,
............... , ,
..W......#..... ...#...###
.... * ,, *


You could see Kirke, Snorg (berserk), 3 hogs and a wraith.

Vanquished Creatures
  The ghost of Gerstahl the Destroyer, a journeyman DsCj of Ashenzari (Lair:4)
  2 hydras
  Harold (Lair:4)
  2 two-headed ogres
  An unseen horror (D:9)
  3 elephants (Lair:4)
  Maurice (D:10)
  2 black mambas (Lair:6)
  7 spiny frogs
  A torpor snail (Lair:6)
  A rime drake (Lair:2)
  3 komodo dragons
  7 jumping spiders (Lair:4)
  A troll (D:11)
  A polar bear (Lair:2)
  21 blink frogs
  A hippogriff (Lair:4)
  5 yaks
  2 redbacks (Lair:4)
  4 hogs (Lair:5)
  2 wyverns
  2 basilisks (Lair:2)
  2 hungry ghosts
  4 vampire mosquitoes (D:10)
  Menkaure (Ossuary)
  A steam dragon (D:8)
  10 water moccasins
  3 sky beasts
  5 porcupines
  2 orc warriors
  5 ice beasts
  A necrophage (D:6)
  An eye of draining (D:10)
  5 ogres
  A tengu (D:5)
  13 wolves
  A centaur (D:7)
  4 crocodiles
  A big kobold (D:10)
  13 bullfrogs
  2 wyvern skeletons (D:9)
  5 scorpions
  2 electric eels (D:10)
  2 howler monkeys
  A crimson imp (D:8)
  2 centaur skeletons
  3 orc priests
  2 centaur zombies
  11 orc wizards
  Crazy Yiuf (D:7)
  3 bullfrog skeletons
  4 iguanas
  7 worker ants
  A killer bee zombie (D:7)
  A hound skeleton (D:8)
  A mummy (Ossuary)
  2 worker ant zombies (D:8)
  5 gnolls
  12 adders
  5 shadow imps
  4 oozes
  2 adder zombies
  2 worms (D:3)
  5 dart slugs
  8 leopard geckos
  30 orcs
  8 giant cockroaches
  A gnoll zombie (Ossuary)
  3 goblins (D:1)
  9 hobgoblins
  4 jackals (D:7)
  11 kobolds
  9 quokkas
  2 ball pythons
  8 bats
  8 frilled lizards
  3 gnoll skeletons (Ossuary)
  4 goblin skeletons (Ossuary)
  4 goblin zombies (Ossuary)
  A hobgoblin skeleton (Ossuary)
  3 kobold zombies (Ossuary)
  A leopard gecko zombie (D:6)
  2 orc skeletons (Ossuary)
  2 orc zombies (Ossuary)
  2 quokka zombies
  4 rats
  2 rat skeletons (Ossuary)
  A rat zombie (Ossuary)
  2 fungi
  3 plants
364 creatures vanquished.

Vanquished Creatures (collateral kills)
  2 spiny frogs (Lair:6)
  3 yaks (Lair:6)
  An orc wizard (D:8)
  A gnoll (D:9)
7 creatures vanquished.

Vanquished Creatures (others)
  A crimson imp (D:10)
  A worker ant (D:10)
  2 mummies (Ossuary)
  A gnoll (D:9)
  An orc (D:10)
  3 gnoll zombies (Ossuary)
  2 gnoll skeletons (Ossuary)
  3 goblin skeletons (Ossuary)
  2 goblin zombies (Ossuary)
  2 hobgoblin skeletons (Ossuary)
  A kobold skeleton (Ossuary)
  5 kobold zombies (Ossuary)
  3 orc zombies (Ossuary)
  5 rat skeletons (Ossuary)
  A rat zombie (Ossuary)
  7 fungi
  6 plants
46 creatures vanquished.

Grand Total: 417 creatures vanquished

Notes
Turn   | Place    | Note
-------+----------+-------------------------------------------
     0 | D:1      | Gildeon the Minotaur Fighter began the quest for the Orb.
     0 | D:1      | Reached XP level 1. HP: 19/19 MP: 0/0
    64 | D:1      | Reached skill level 3 in Axes
    80 | D:1      | Reached XP level 2. HP: 24/26 MP: 1/1
   153 | D:1      | Reached skill level 4 in Axes
   407 | D:1      | Reached XP level 3. HP: 26/31 MP: 2/2
   931 | D:2      | Reached skill level 5 in Axes
   960 | D:2      | Reached XP level 4. HP: 28/39 MP: 3/3
  1782 | D:3      | Reached XP level 5. HP: 47/47 MP: 4/4
  1793 | D:3      | Reached skill level 5 in Fighting
  1984 | D:3      | Found a bloodstained altar of Trog.
  2017 | D:3      | Found a sacrificial altar of Ru.
  2131 | D:3      | Found a blossoming altar of Fedhas.
  2698 | D:4      | Reached skill level 5 in Armour
  2827 | D:3      | Became a worshipper of Trog the Wrathful
  2843 | D:4      | Found an opulent altar of Gozag.
  2878 | D:4      | Reached skill level 1 in Dodging
  2964 | D:4      | Reached XP level 6. HP: 56/56 MP: 5/5
  3170 | D:4      | Found a burning altar of Makhleb.
  3539 | D:5      | Entered Level 5 of the Dungeon
  3568 | D:5      | Reached * piety under Trog
  3568 | D:5      | Reached XP level 7. HP: 49/61 MP: 6/6
  3692 | D:5      | Reached skill level 5 in Dodging
  3860 | D:5      | Reached skill level 5 in Shields
  3871 | D:5      | Found a white marble altar of Elyvilon.
  4011 | D:5      | Reached skill level 6 in Axes
  4275 | D:5      | Reached skill level 7 in Axes
  4516 | D:5      | Reached XP level 8. HP: 43/68 MP: 7/7
  4681 | D:5      | Found Ajaif's Assorted Antiques.
  4684 | D:5      | Bought a scroll labeled NORABBOHAFF for 26 gold pieces
  4684 | D:5      | Bought a scroll of identify for 52 gold pieces
  4987 | D:6      | Reached skill level 8 in Axes
  5021 | D:6      | Found a hazy altar of Hepliaklqana.
  5057 | D:6      | Found a sand-covered staircase.
  5099 | Ossuary  | Entered an ossuary
  5285 | Ossuary  | Reached ** piety under Trog
  5380 | Ossuary  | Noticed Menkaure
  5386 | Ossuary  | Killed Menkaure
  5725 | D:6      | Reached skill level 9 in Axes
  5775 | D:6      | Found Oseklauh's Antique Weapon Emporium.
  5792 | D:6      | Found a radiant altar of Vehumet.
  5886 | D:6      | Found a basalt altar of Yredelemnul.
  5896 | D:6      | Found a staircase to the Ecumenical Temple.
  6109 | D:6      | Reached skill level 10 in Axes
  6375 | D:7      | Gained mutation: You are frail. (-10% HP) [potion of mutation]
  6375 | D:7      | Gained mutation: You are clumsy. (Dex -2) [potion of mutation]
  6375 | D:7      | Gained mutation: You are somewhat resistant to further mutation. [potion of mutation]
  6417 | D:7      | Reached XP level 9. HP: 71/71 MP: 8/8
  6528 | D:7      | Found a runed door.
  6537 | D:7      | Noticed Crazy Yiuf
  6541 | D:7      | Killed Crazy Yiuf
  6745 | D:7      | Found a glowing golden altar of the Shining One.
  7312 | D:7      | Reached *** piety under Trog
  7327 | D:7      | Found a shadowy altar of Dithmenos.
  7717 | D:8      | Reached skill level 10 in Fighting
  7797 | D:8      | Noticed a two-headed ogre
  7805 | D:8      | Killed a two-headed ogre
  8619 | D:9      | Noticed a two-headed ogre
  8832 | D:9      | Killed a two-headed ogre
  8832 | D:9      | Reached XP level 10. HP: 34/83 MP: 9/9
  9177 | D:9      | Killed an unseen horror
  9177 | D:9      | Reached skill level 10 in Armour
  9370 | D:9      | Gained mutation: You can translocate small distances at will. [mutagenic meat]
  9371 | D:9      | Lost mutation: You are frail. (-10% HP) [mutagenic meat]
  9373 | D:9      | Gained mutation: You passively map a small area around you. [mutagenic meat]
  9706 | D:10     | Entered Level 10 of the Dungeon
  9718 | D:10     | Found Xasos's Armour Boutique.
  9736 | D:10     | Bought a +0 pair of boots for 54 gold pieces
 10008 | D:10     | Found a portal to a secret trove of treasure.
 10111 | D:10     | Reached **** piety under Trog
 10266 | D:10     | Found a staircase to the Lair.
 10513 | D:10     | Noticed Maurice
 10524 | D:10     | Killed Maurice
 10950 | D:11     | Found a staircase to the Orcish Mines.
 11101 | Lair:1   | Entered Level 1 of the Lair of Beasts
 11201 | Lair:1   | Reached XP level 11. HP: 93/99 MP: 10/10
 11951 | Lair:2   | Reached skill level 10 in Dodging
 13490 | Lair:3   | Reached skill level 10 in Shields
 13493 | Lair:3   | Reached skill level 1 in Throwing
 13804 | Lair:3   | Reached ***** piety under Trog
 13825 | Lair:3   | Reached skill level 5 in Throwing
 14164 | Lair:4   | Found a staircase to the Swamp.
 14164 | Lair:4   | Noticed a five-headed hydra
 14179 | Lair:3   | Reached skill level 1 in Evocations
 14187 | Lair:3   | Killed a five-headed hydra
 14187 | Lair:3   | Reached XP level 12. HP: 53/106 MP: 11/13
 14512 | Lair:4   | Noticed a seven-headed hydra
 14521 | Lair:4   | Killed a seven-headed hydra
 14686 | Lair:4   | Reached skill level 5 in Evocations
 14768 | Lair:4   | Received a gift from Trog
 14885 | Lair:4   | Reached skill level 11 in Axes
 14977 | Lair:4   | Noticed Gerstahl's ghost (journeyman DsCj)
 14982 | Lair:4   | Noticed Harold
 15006 | Lair:4   | Killed Gerstahl's ghost
 15009 | Lair:4   | Killed Harold
 15009 | Lair:4   | Reached skill level 12 in Axes
 15428 | Lair:4   | Found a hole to the Spider Nest.
 16330 | Lair:5   | Reached skill level 13 in Axes
 16367 | Lair:5   | You fall through a shaft!
 16367 | Lair:6   | Entered Level 6 of the Lair of Beasts
 16391 | Lair:6   | Received a gift from Trog
 16446 | Lair:6   | Paralysed by a hornet for 1 turns
 16451 | Lair:6   | Reached skill level 14 in Axes
 16847 | Lair:5   | Identified a scroll of acquirement
 16916 | Lair:5   | Noticed Snorg
 16916 | Lair:5   | Noticed Kirke
 16918 | Lair:5   | Reached XP level 13. HP: 113/113 MP: 15/15
 16933 | Lair:5   | HP: 2/113 [Snorg (23)]
 16933 | Lair:5   | Slain by a hog

Vault maps used:
D:1:      mushboom_english_gardens
D:3:      lemuel_crystal_altar, fedhas_altar_1, lemuel_crystal_altar,
          first_bread, minmay_crystal_water
D:4:      lemuel_round_altar, lemuel_round_altar, hangedman_decor_lopped
D:5:      elyvilon_altar_3, serial_shops, kennysheep_mini
D:6:      kennysheep_mini_moat, vehumet_statue, minmay_temple_entry_overgrown,
          serial_shops, shop, basic_altar, nicolae_ossuary_entry_monument,
          corexii_item_surrounded_by_moat
D:7:      tso_oasis_becter, lemuel_coloured_pillars_altar, nrook_mini_backslash,
          uniq_crazy_yiuf_cottage
D:9:      serial_curves, eino_curves_04, eino_curves_03
D:10:     lair_entry_dummy, serial_shops, shop, serial_bayou,
          serial_bayou_pond_d, serial_bayou_shore_b, serial_bayou_shore_b,
          serial_bayou_ford_a, enter_trove_2, uniq_maurice
D:11:     orc_0_dummy, lab_entry_generic, grunt_ogre_cave, uniq_psyche
Lair:1:   grunt_megastairs_3
Lair:2:   st_stairs_11
Lair:4:   swamp_mist, nicolae_spider_entry_tight_spaces, pond, uniq_harold
Lair:5:   uniq_snorg, uniq_josephine, uniq_kirke
Lair:6:   wormcave, hangedman_lair_tendril_chambers,
          minmay_slime_entry_oklob_enclosed, st_stairs_9
Ossuary:  ossuary_due_pyramid

Skill      XL: |  1  2  3  4  5  6  7  8  9 10 11 12 |
---------------+-------------------------------------+-----
Axes           | 3 4 5 7 10 14 | 14.3
Fighting       | 4 5 7 10 | 10.1
Armour         | 5 9 10 | 10.9
Dodging        | 2 4 5 9 10 | 10.0
Shields        | 5 10 | 10.1
Throwing       | 5 |  5.1
Evocations     | 2 5 |  5.2

Action                   |  1- 3 |  4- 6 |  7- 9 | 10-12 | 13-15 || total
-------------------------+-------+-------+-------+-------+-------++-------
Melee: War axe           |    65 |   145 |   249 |   521 |       ||   980
       Headbutt          |     9 |    26 |    51 |   102 |     1 ||   189
       Flail             |       |       |       |    20 |       ||    20
       Broad axe         |       |       |       |     5 |    13 ||    18
Throw: Tomahawk          |     6 |    62 |   116 |   101 |       ||   285
       Javelin           |       |       |       |     9 |       ||     9
       Throwing net      |       |       |       |     1 |       ||     1
Invok: Burn Spellbooks   |       |       |     3 |     2 |       ||     5
       Berserk           |       |       |     1 |     1 |       ||     2
       Brothers in Arms  |       |       |       |     1 |       ||     1
 Abil: Blink             |       |       |       |     1 |       ||     1
Evoke: Wand              |       |       |    40 |    86 |     1 ||   127
  Use: Scroll            |     3 |     6 |    15 |     7 |       ||    31
       Potion            |       |       |     3 |    16 |     2 ||    21
 Stab: Paralysed         |       |       |     6 |    38 |       ||    44
  Eat: Chunk             |       |     5 |     5 |    22 |       ||    32
       Bread ration      |       |     1 |     3 |     1 |       ||     5
       Royal jelly       |       |       |     1 |     3 |       ||     4
       Fruit             |       |       |       |     8 |       ||     8
Armor: Scale mail        |    48 |    20 |       |       |       ||    68
       Plate armour      |       |    66 |   189 |   389 |    12 ||   656
Dodge: Dodged            |    21 |    32 |    50 |   271 |    12 ||   386
Block: Shield            |    46 |    74 |   139 |   404 |    20 ||   683

Table legend:
 A = Spawn XP
 B = Non-spawn XP
 C = Spawn XP percentage of total XP
 D = Spawn monster count
 E = Non-spawn monster count
 F = Spawn count percentage of total count
 G = Total turns spent on level
                    A         B        C        D         E        F      G
               +---------+---------+-------+---------+---------+-------+---------
         Total |       0 |   38637 |   0.0 |       0 |     359 |   0.0 | 16933
               +---------+---------+-------+---------+---------+-------+---------
           D:1 |       0 |      50 |   0.0 |       0 |      24 |   0.0 |   922
           D:2 |       0 |     109 |   0.0 |       0 |      23 |   0.0 |   804
           D:3 |       0 |     137 |   0.0 |       0 |      31 |   0.0 |  1052
           D:4 |       0 |     351 |   0.0 |       0 |      19 |   0.0 |   761
           D:5 |       0 |     880 |   0.0 |       0 |      22 |   0.0 |  1434
           D:6 |       0 |     699 |   0.0 |       0 |      20 |   0.0 |   832
           D:7 |       0 |    1370 |   0.0 |       0 |      31 |   0.0 |  1338
           D:8 |       0 |    1680 |   0.0 |       0 |      16 |   0.0 |  1559
           D:9 |       0 |    2405 |   0.0 |       0 |      17 |   0.0 |   671
          D:10 |       0 |    2409 |   0.0 |       0 |      27 |   0.0 |  1248
          D:11 |       0 |     397 |   0.0 |       0 |       2 |   0.0 |   147
        Lair:1 |       0 |    2006 |   0.0 |       0 |      12 |   0.0 |   833
        Lair:2 |       0 |    4757 |   0.0 |       0 |      23 |   0.0 |  1300
        Lair:3 |       0 |    6004 |   0.0 |       0 |      21 |   0.0 |  1420
        Lair:4 |       0 |    9482 |   0.0 |       0 |      26 |   0.0 |  1638
        Lair:5 |       0 |    1788 |   0.0 |       0 |      10 |   0.0 |   551
        Lair:6 |       0 |    3980 |   0.0 |       0 |      17 |   0.0 |    90
       Ossuary |       0 |     133 |   0.0 |       0 |      18 |   0.0 |   333
               +---------+---------+-------+---------+---------+-------+---------
